 Dungeon Crawl Stone Soup version 0.27-a0-1191-g601b473118 (webtiles) character file.

Game seed: 9464765114422872056

1715 pokeman the Thaumaturge (level 8, -8/44 HPs)
             Began as a Deep Elf Hedge Wizard on May 24, 2021.
             Killed by divine providence
             ... invoked by an orc priest
              (13 damage)
             ... on level 7 of the Dungeon.
             The game lasted 00:18:36 (7393 turns).

pokeman the Thaumaturge (Deep Elf Hedge Wizard)     Turns: 7393, Time: 00:18:37

Health: -8/44      AC:  6    Str:  7    XL:     8   Next: 74%
Magic:  13/24      EV: 12    Int: 22    God:
Gold:   281        SH:  0    Dex: 14    Spells: 16/27 levels left

rFire    . . .     SeeInvis .   C - +0 dagger (elec)
rCold    . . .     Faith    .   (no shield)
rNeg     . . .     Spirit   .   q - +0 leather armour
rPois    .         Reflect  .   c - +0 hat
rElec    .         Harm     .   o - +0 cloak
rCorr    .         Rampage  .   k - +0 pair of gloves
Will     .....                  y - +0 pair of boots
Stlth    ++........             p - amulet of magic regeneration
HPRegen  0.14/turn              (no ring)
MPRegen  0.44/turn              (no ring)

@: no status effects
A: no striking features
a: no special abilities


You were on level 7 of the Dungeon.
You visited 1 branch of the dungeon, and saw 7 of its levels.

You collected 281 gold pieces.

Inventory:

Hand Weapons
 C - a +0 dagger of electrocution (weapon)
 E - a +1 whip of venom
Missiles
 f - 95 arrows
 h - 87 bolts
Armour
 c - a +0 hat (worn)
 k - a +0 pair of gloves (worn)
 o - a +0 cloak (worn)
 q - a +0 leather armour (worn)
 y - a +0 pair of boots (worn)
 F - a +0 buckler
Jewellery
 l - an amulet of regeneration
 p - an amulet of magic regeneration (around neck)
Wands
 a - a wand of acid (11)
 B - a wand of mindburst (10)
Scrolls
 e - 6 scrolls of teleportation {unknown}
 g - a scroll of amnesia {unknown}
 j - a scroll of silence {unknown}
 m - 7 scrolls of identify {unknown}
 n - 3 scrolls of fear {unknown}
 r - a scroll of magic mapping {unknown}
 s - 2 scrolls of immolation {unknown}
 u - 2 scrolls of enchant armour {unknown}
 w - a scroll of holy word {unknown}
 D - a scroll of noise {unknown}
Potions
 b - 3 potions of curing {unknown}
 d - 2 potions of haste {unknown}
 i - a potion of resistance {unknown}
 t - 3 potions of flight {unknown}
 v - a potion of might {unknown}
 x - 3 potions of heal wounds {unknown}
 z - a potion of lignification {unknown}
 A - a potion of brilliance {unknown}


   Skills:
 - Level 2.1 Fighting
 - Level 2.0 Armour
 - Level 3.0 Dodging
 - Level 3.0 Stealth
 + Level 0.7 Shields
 * Level 10.2 Spellcasting
 + Level 5.5 Conjurations
 - Level 1.1 Summonings
 - Level 1.1 Translocations
 + Level 3.8 Fire Magic
 - Level 1.3 Air Magic
 - Level 2.0 Poison Magic
 - Level 2.0 Evocations


You had 16 spell levels left.
You knew the following spells:

 Your Spells              Type           Power      Damage    Failure   Level
a - Magic Dart            Conj           100%       1d8       1%          1
b - Mephitic Cloud        Conj/Pois/Air  24%        N/A       8%          3
c - Call Imp              Summ           16%        N/A       9%          2
d - Blink                 Tloc           N/A        N/A       9%          2
e - Conjure Flame         Conj/Fire      31%        6-21      3%          3

Your spell library contained the following spells:

 Spells                   Type           Power      Damage    Failure   Level
 Searing Ray              Conj           70%        3d5       1%          2
 Animate Skeleton         Necr           22%        N/A       9%          1
 Pain                     Necr           44%        1d6       9%          1
 Dazzling Flash           Conj/Hex       46%        N/A       9%          3
 Slow                     Hex            11%        N/A       13%         2
 Iskenderun's Mystic Bla  Conj/Tloc      25%        2d7       22%         4
 Vampiric Draining        Necr           5%         2d6       26%         3
 Fulminant Prism          Conj/Hex       11%        3d9       28%         4
 Animate Dead             Necr           5%         N/A       65%         4
 Agony                    Necr           11%        N/A       94%         5


Dungeon Overview and Level Annotations

Branches:
Dungeon (7/15)
 Temple: D:4-7

Altars:
Dithmenos
Hepliaklqana
Ru
Uskayaw

Shops:
D:3 [


Message History

You kill the orc warrior!
The orc dies!
The kobold throws a stone.
The stone barely misses you.
Casting: Conjure Flame (dangerous; 3% risk of failure)
Confirm with . or Enter, or press ? or * to list all spells.
Aiming: Mephitic Cloud (dangerous; 8% risk of failure)
Press: ? - help, Shift-Dir - straight line, f - kobold
Aim: a kobold, wielding a +0 dagger and quivering stones (chance to affect: 96%)
The ball explodes into a vile cloud!
The stinking cloud engulfs the kobold but does no damage.
The stinking cloud engulfs the hornet zombie but does no damage.
The stinking cloud engulfs the kobold but does no damage.
The kobold is engulfed in noxious fumes.
The kobold appears confused.
The kobold is engulfed in noxious fumes.
The kobold appears confused.
The kobold barely misses the kobold.
Unknown command.
Unknown command.
Unknown command.
The kobold is engulfed in blazing flames.
You kill the kobold!
The kobold is engulfed in noxious fumes.
The kobold appears confused.
You kill the kobold!
Casting: Mephitic Cloud (dangerous; 8% risk of failure)
Confirm with . or Enter, or press ? or * to list all spells.
The fire begins to smoulder!
The orc priest seems less confused.
The hornet zombie is engulfed in blazing flames.
Unknown command.
Unknown command.
The hornet zombie is engulfed in blazing flames.
The fire ignites!
Casting: Conjure Flame (dangerous; 3% risk of failure)
Confirm with . or Enter, or press ? or * to list all spells.
A beastly little devil appears in a puff of flame.
The orc priest looks encouraged for a moment.
You swap places.
The hornet zombie is engulfed in blazing flames.
The orc priest calls down the wrath of Beogh upon you.
Beogh smites you!
You die...

#...................#.#
##.###..###.........#.#
#..................#.#
#####..............#.#
##........######.#
#..##...........# #
##.##.....####### ...
#.##...).#
#.(..###).#Z@...#
.....o))§.§5....#
....<○.##.##.########
..#...)##..#.#.......
....)......#.#......(
.##.##.......'.......
... #.#.#.#.#.......
### #.#.#.#.#.......
#.#+#...#.......


You could see an orc priest, a hornet zombie (ally target) and a friendly
crimson imp (summoned).

Vanquished Creatures
  Menkaure (D:6)
  A water moccasin (D:6)
  An orc warrior (D:7)
  A sky beast (D:6)
  2 black bears
  An ogre (D:5)
  A phantom (D:6)
  A kobold brigand (D:7)
  A bullfrog (D:6)
  2 gnoll sergeants (D:6)
  A wyvern skeleton (D:6)
  5 wights (D:6)
  A howler monkey (D:4)
  A centaur skeleton (D:6)
  A bullfrog skeleton (D:6)
  A hound (D:6)
  A jelly (D:5)
  6 iguanas
  5 gnolls (D:6)
  6 adders
  A worm (D:2)
  A dart slug (D:1)
  8 orcs
  4 ball pythons
  5 endoplasms
  14 giant cockroaches
  5 hobgoblins
  2 jackals (D:4)
  2 quokkas
  4 bats
  5 frilled lizards
  3 goblins
  11 kobolds
  A quokka skeleton (D:4)
  3 rats
109 creatures vanquished.

Vanquished Creatures (collateral kills)
  Terence (D:2)
  An orc (D:7)
2 creatures vanquished.

Vanquished Creatures (others)
  A plant (D:4)
1 creature vanquished.

Grand Total: 112 creatures vanquished

Notes
Turn   | Place    | Note
-------+----------+-------------------------------------------
     0 | D:1      | pokeman the Deep Elf Hedge Wizard began the quest for the
                  | Orb.
     0 | D:1      | Reached XP level 1. HP: 10/10 MP: 7/7
   464 | D:1      | Reached XP level 2. HP: 15/15 MP: 7/9
  1238 | D:1      | Reached skill level 5 in Spellcasting
  1548 | D:2      | Reached XP level 3. HP: 20/20 MP: 7/11
  1552 | D:2      | Learned a level 3 spell: Mephitic Cloud
  1555 | D:2      | Learned a level 2 spell: Call Imp
  1558 | D:2      | Learned a level 2 spell: Blink
  1562 | D:2      | Learned a level 3 spell: Conjure Flame
  1750 | D:2      | Noticed Terence
  1863 | D:2      | Killed Terence
  1864 | D:2      | Reached skill level 1 in Fighting
  1864 | D:2      | Reached skill level 1 in Armour
  1864 | D:2      | Reached XP level 4. HP: 13/25 MP: 5/13
  2571 | D:2      | Found a faded altar of an unknown god.
  2818 | D:3      | Found Weonacka's Antique Armour Boutique.
  3431 | D:4      | Reached skill level 6 in Spellcasting
  3431 | D:4      | Reached skill level 1 in Fire Magic
  3431 | D:4      | Reached XP level 5. HP: 29/29 MP: 8/15
  3676 | D:4      | Found a sacrificial altar of Ru.
  3904 | D:4      | Identified the +1 robe "Getwasadu" {Str+2}
  3942 | D:5      | Entered Level 5 of the Dungeon
  3993 | D:5      | Found a hide-covered altar of Uskayaw.
  4499 | D:5      | Noticed an ogre
  4509 | D:5      | Killed an ogre
  4510 | D:5      | Reached skill level 1 in Air Magic
  4510 | D:5      | Reached XP level 6. HP: 34/34 MP: 15/17
  4708 | D:5      | Reached skill level 7 in Spellcasting
  4919 | D:6      | Noticed a water moccasin
  4926 | D:6      | Killed a water moccasin
  4927 | D:6      | Reached skill level 1 in Poison Magic
  4927 | D:6      | Reached skill level 1 in Evocations
  5146 | D:6      | Reached XP level 7. HP: 38/38 MP: 14/20
  5398 | D:6      | Reached skill level 8 in Spellcasting
  6174 | D:6      | Noticed Menkaure
  6186 | D:6      | Killed Menkaure
  6187 | D:6      | Reached skill level 9 in Spellcasting
  6187 | D:6      | Reached XP level 8. HP: 14/44 MP: 12/23
  6498 | D:6      | HP: 1/44 [bullfrog (2)]
  6556 | D:6      | Reached skill level 5 in Conjurations
  7025 | D:6      | Found a shadowy altar of Dithmenos.
  7028 | D:6      | Found a hazy altar of Hepliaklqana.
  7381 | D:7      | Reached skill level 10 in Spellcasting
  7393 | D:7      | Killed from afar by an orc priest

Illustrated notes

Levels and vault maps discovered:
D:1:      enne_arrival_octagon_isle, layout_basic, serial_curves,
          eino_curves_04, eino_curves_01, serial_bayou_crossing
D:2:      minmay_roachtagon, layout_rooms, shapermc_ecumenical_altar_venn,
          kennysheep_cross_room, chequers_serial_rivers_small_b,
          minmay_misc_feat_five, uniq_terence
D:3:      layout_basic, serial_shops, nicolae_shop_behind_doors,
          minmay_liquid_box
D:4:      layout_basic, kennysheep_mini, corexii_shack
D:5:      layout_rooms, nicolae_overflow_crystal_walls, minmay_pentangle
D:6:      minmay_diamond_boxcup, layout_loops_ring,
          riverfiend_overflow_shadow_ancestor, minmay_misc_feat_secret_circle,
          uniq_menkaure
D:7:      layout_basic, minmay_temple_entry_offerings, nrook_campfire

Skill      XL: |  1  2  3  4  5  6  7  8 |
---------------+-------------------------+-----
Spellcasting   | 5 6 7 9 10 | 10.2
Fighting       | 1 2 |  2.1
Armour         | 1 2 |  2.0
Conjurations   | 2 3 4 5 |  5.5
Fire Magic     | 1 2 3 |  3.8
Dodging        | 3 |  3.0
Stealth        | 3 |  3.0
Air Magic      | 1 |  1.3
Poison Magic   | 1 2 |  2.0
Evocations     | 1 2 |  2.0
Shields        | |  0.7
Summonings     | |  1.1
Translocations | |  1.1

Action                   |  1- 3 |  4- 6 |  7- 9 || total
-------------------------+-------+-------+-------++-------
Melee: Dagger            |    16 |    16 |    39 ||    71
 Cast: Magic Dart        |   106 |   128 |    90 ||   324
       Conjure Flame     |     2 |     4 |    19 ||    25
       Call Imp          |     2 |     2 |    11 ||    15
       Mephitic Cloud    |     1 |     4 |    12 ||    17
       Blink             |       |       |    10 ||    10
 Stab: Confused          |       |       |     2 ||     2
Armor: Robe              |     4 |       |       ||     4
       Leather armour    |     4 |     7 |    23 ||    34
Dodge: Dodged            |    38 |    21 |    43 ||   102

Table legend: (Time is in decaauts)
 A = Elapsed time spent in this place.
 B = Non-inter-level travel time spent in this place.
 C = Inter-level travel time spent in this place.
 D = Time resting spent in this place.
 E = Time spent auto-exploring this place.
 F = Levels seen in this place.
 G = Mean time per level.
                   A        B        C        D        E       F      G
               +--------+--------+--------+--------+--------+-----+--------+
         Total |   7398 |   7179 |    219 |    637 |   5360 |   7 | 1056.9 |
       Dungeon |   7398 |   7179 |    219 |    637 |   5360 |   7 | 1056.9 |
               +--------+--------+--------+--------+--------+-----+--------+

Top non-repeatable levels by time:
     D:6: 2392 daAuts
     D:1: 1483 daAuts
     D:2: 1337 daAuts
     D:5: 878 daAuts
     D:3: 607 daAuts
     D:4: 526 daAuts
     D:7: 172 daAuts
